 Dungeon Crawl Stone Soup version 0.31-a0-986-g5e6e4ef867 (webtiles) character file.

Game seed: 12787828452420861669

982 Maratek the Poker (level 7, 0/55 HPs)
             Began as a Demonspawn Fighter on Nov 3, 2023.
             Was an Initiate of Hepliaklqana.
             Slain by a komodo dragon (2 damage)
             ... on level 5 of the Dungeon.
             The game lasted 00:05:35 (3906 turns).

Maratek the Poker (Demonspawn Fighter)              Turns: 3906, Time: 00:05:35

Health: 0/55       AC: 12    Str: 19    XL:     7   Next: 96%
Magic:  7/7        EV:  7    Int:  9    God:    Hepliaklqana [......]
Gold:   187        SH:  4    Dex: 12    Spells: 6/6 levels left

rFire   . . .        l - +2 trident (flame)
rCold   . . .        c - +0 buckler
rNeg    . . .        n - +0 plate armour
rPois   .            (no helmet)
rElec   .            (no cloak)
rCorr   .            (no gloves)
SInv    .            (no boots)
Will    .....        (no amulet) Stlth
                     (no ring)
HPRegen 0.29/turn    (no ring)
MPRegen 0.10/turn

%: no passive effects
@: mighty, studying Unarmed Combat
A: demonic guardian 1, powered by pain 2, sturdy frame 1
a: Renounce Religion


You were on level 5 of the Dungeon.
You worshipped Hepliaklqana.
Hepliaklqana was noncommittal.
You visited 1 branch of the dungeon, and saw 5 of its levels.

You collected 187 gold pieces.

Inventory:

Hand Weapons
 l - a +2 trident of flaming (weapon)
Armour
 c - a +0 buckler (worn)
 n - a +0 plate armour (worn)
Jewellery
 j - a ring of magical power
Wands
 o - a wand of iceblast (9)
Scrolls
 p - a scroll of identify {unknown}
Potions
 a - 2 potions of curing {unknown}
 b - a potion of lignification {unknown}
 e - 2 potions of haste {unknown}
 f - 2 potions of magic {unknown}
 g - 6 potions of heal wounds {unknown}
 h - a potion of brilliance {unknown}
 i - a potion of degeneration {unknown}
 k - a potion of mutation {unknown}
 m - a potion of cancellation {unknown}
 r - a potion of invisibility {unknown}


   Skills:
 + Level 4.6 Fighting
 + Level 5.9 Polearms
 + Level 4.6 Armour
 + Level 2.2 Dodging
 + Level 0.4 Stealth
 + Level 3.3 Shields


You had 6 spell levels left.
You didn't know any spells.
Your spell library contained the following spells:

 Spells                   Type           Power      Damage    Failure   Level
 Blink                    Tloc           0%         N/A       100%        2
 Manifold Assault         Tloc           0%         N/A       100%        4
 Iskenderun's Battlesphe  Conj           0%         2d6       100%        5
 Bombard                  Conj/Erth      0%         9d1       100%        6
 Spellforged Servitor     Conj/Summ      0%         N/A       100%        7
 Chain Lightning          Conj/Air       0%         N/A       100%        9
 Fire Storm               Conj/Fire      0%         5d1       100%        9
 Shatter                  Erth           0%         3d5*      100%        9


Dungeon Overview and Level Annotations

Branches:
Dungeon (5/15)
 Temple: D:4-7

Altars:
Ashenzari
Dithmenos
Hepliaklqana
Xom

Annotations:
D:3 3 runed translucent doors, eyesofgods1's ghost, amateur DjCj


Innate Abilities, Weirdness & Mutations

A weak demonic guardian rushes to your aid.
You sometimes gain power by taking damage.
Your movements are slightly less encumbered by armour. (ER -2)


Message History

You see here a +0 club.
Things that are here:
a +0 scale mail; a +0 hand axe A komodo dragon comes into view.
The komodo dragon hisses angrily.
You hit the komodo dragon. You burn the komodo dragon.
The komodo dragon is lightly wounded.
The komodo dragon bites you!
A demonic guardian appears!
You puncture the komodo dragon! You burn the komodo dragon.
The komodo dragon is moderately wounded.
You block the komodo dragon's attack.
You hit the komodo dragon. You burn the komodo dragon.
The komodo dragon is heavily wounded.
The komodo dragon bites you.
You hit the komodo dragon but do no damage.
The komodo dragon is heavily wounded.
Your iron imp closely misses the komodo dragon.
The komodo dragon bites you!
You are too injured to fight recklessly!
You are too injured to fight recklessly!
Your iron imp hits the komodo dragon!
You barely miss the komodo dragon.
The komodo dragon is severely wounded.
The komodo dragon bites you!!
* * * LOW HITPOINT WARNING * * *
Your iron imp hits the komodo dragon.
Aiming: Iceblast
Press: ? - help, Q - select action Shift-Dir - straight line, f - komodo dragon
Aim: a komodo dragon (severely wounded, ally target)
Okay, then.
You feel very mighty all of a sudden. The komodo dragon bites you!
* * * LOW HITPOINT WARNING * * *
You closely miss the komodo dragon.
The komodo dragon is severely wounded.
The komodo dragon closely misses you.
Your iron imp hits the komodo dragon.
You closely miss the komodo dragon.
The komodo dragon is severely wounded.
The komodo dragon bites you.
You die...

#.≈.~.#≈#####.# ####...#.## #.#
⌠~.._#.#⌠..##.# #......####.#
#....#__##..#.## #####.......#
#^.§§§.~#.#....### ##...........
##.~§♣^##........####..####.#....
####§###..##.............#.####.
##⌠## ##..)......[#####.....###
..# #######.......##.....# #.##
##.@.[##.........# #.
##5l##))#.###...<.# ##
#..####....####.### #.>## ###..#
#..## #.# ##..#####..### ...
####.......##...# ...
#........#....#.. .....
#.#..#.#.#.#.#### #####
......####.##....###..###


You could see a komodo dragon (ally target) and a friendly iron imp (summoned).

Vanquished Creatures
  An ice beast (D:5)
  2 black bears
  An ogre (D:4)
  2 scorpions (D:5)
  An orc priest (D:5)
  3 hounds
  6 iguanas
  2 orc wizards (D:5)
  8 adders
  A shadow imp (D:5)
  2 ufetubi (D:5)
  A worm (D:5)
  8 dart slugs
  16 orcs
  6 bats
  2 endoplasms
  10 goblins
  A hobgoblin (D:3)
  3 jackals
  2 quokkas
  8 ball pythons
  3 frilled lizards
  9 kobolds
  10 rats
108 creatures vanquished.

Vanquished Creatures (collateral kills)
  An orc (D:5)
  A quokka (D:2)
2 creatures vanquished.

Grand Total: 110 creatures vanquished

Notes
Turn   | Place    | Note
-------+----------+-------------------------------------------
     0 | D:1      | Maratek the Demonspawn Fighter began the quest for the Orb.
     0 | D:1      | Reached XP level 1. HP: 18/18 MP: 1/1
    76 | D:1      | Found a faded altar of an unknown god.
   143 | D:1      | Gained mutation: You sometimes gain a little power by
                  | taking damage. [demonic ancestry]
   143 | D:1      | Reached XP level 2. HP: 22/24 MP: 2/2
   154 | D:1      | Reached skill level 2 in Polearms
   545 | D:2      | Gained mutation: A weak demonic guardian rushes to your
                  | aid. [demonic ancestry]
   545 | D:2      | Reached XP level 3. HP: 26/29 MP: 3/3
  1054 | D:2      | Reached XP level 4. HP: 35/35 MP: 4/4
  1261 | D:3      | Found a runed translucent gate.
  1262 | D:3      | Found a runed translucent gate.
  1266 | D:3      | Noticed eyesofgods1's ghost (amateur DjCj)
  1279 | D:3      | Reached skill level 3 in Polearms
  1511 | D:3      | Found a broken altar of Ashenzari.
  1552 | D:3      | Found a runed translucent gate.
  2104 | D:4      | Reached XP level 5. HP: 39/41 MP: 5/5
  2244 | D:4      | Noticed an ogre
  2249 | D:4      | Killed an ogre
  2250 | D:4      | Reached skill level 4 in Polearms
  2350 | D:4      | Gained mutation: You sometimes gain power by taking damage.
                  | [demonic ancestry]
  2350 | D:4      | Reached XP level 6. HP: 47/47 MP: 6/6
  2570 | D:4      | Reached skill level 1 in Dodging
  2977 | D:5      | Entered Level 5 of the Dungeon
  2986 | D:5      | Reached skill level 5 in Polearms
  3108 | D:5      | Gained mutation: Your movements are slightly less
                  | encumbered by armour. (ER -2) [demonic ancestry]
  3108 | D:5      | Reached XP level 7. HP: 31/54 MP: 7/7
  3596 | D:5      | Found a shimmering altar of Xom.
  3596 | D:5      | Found a shimmering altar of Xom.
  3598 | D:5      | Found a shimmering altar of Xom.
  3598 | D:5      | Found a shimmering altar of Xom.
  3600 | D:5      | Found a shimmering altar of Xom.
  3686 | D:5      | Noticed a shadow
  3688 | D:5      | Found a shadowy altar of Dithmenos.
  3689 | D:5      | Found a hazy altar of Hepliaklqana.
  3696 | D:5      | Became a worshipper of Hepliaklqana the Forgotten
  3893 | D:5      | Noticed a komodo dragon
  3904 | D:5      | HP: 2/55 [komodo dragon (7)]
  3906 | D:5      | Slain by a komodo dragon

Illustrated notes

Levels and vault maps discovered:
D:1:      dpeg_arrival_radiant, layout_rooms, hellmonk_ecumenical_altar_run_dry,
          amethyst_killhole
D:2:      layout_loops_ring, corexii_hall_statues_i, grunt_ministairs_9,
          hangedman_decor_points, minmay_misc_feat_diagonals,
          chequers_serial_rivers_small_3
D:3:      layout_basic, mainiacjoe_overflow_brackets, gammafunk_ghost_split,
          kennysheep_generic_room_16
D:4:      minmay_evil_eye, layout_basic, kennysheep_potato
D:5:      layout_rooms, riverfiend_overflow_shadow_ancestor, xom_redecorated,
          grunt_ministairs_13, minmay_manual_monstrance, uniq_eustachio

Skill      XL: |  1  2  3  4  5  6  7 |
---------------+----------------------+-----
Polearms       | 2 3 4 5 |  5.9
Armour         | 3 4 |  4.6
Shields        | 3 |  3.3
Dodging        | 1 2 |  2.2
Fighting       | 4 |  4.6
Stealth        | |  0.4

Action                     |  1- 3 |  4- 6 |  7- 9 || total
---------------------------+-------+-------+-------++-------
  Melee: Trident           |    98 |   176 |    75 ||   349
    Use: Scroll            |       |     8 |       ||     8
         Potion            |       |       |     1 ||     1
 Armour: Scale mail        |    43 |    74 |       ||   117
         Plate armour      |       |    15 |    84 ||    99
  Dodge: Dodged            |    31 |    66 |    28 ||   125
  Block: Buckler           |    14 |    32 |    14 ||    60

Table legend: (Time is in decaauts)
 A = Elapsed time spent in this place.
 B = Non-inter-level travel time spent in this place.
 C = Inter-level travel time spent in this place.
 D = Time resting spent in this place.
 E = Time spent auto-exploring this place.
 F = Levels seen in this place.
 G = Mean time per level.
                   A        B        C        D        E       F      G
               +--------+--------+--------+--------+--------+-----+--------+
         Total |   3961 |   3799 |    162 |     71 |   3000 |   5 |  792.2 |
       Dungeon |   3961 |   3799 |    162 |     71 |   3000 |   5 |  792.2 |
               +--------+--------+--------+--------+--------+-----+--------+

Top non-repeatable levels by time:
     D:5: 936 daAuts
     D:4: 912 daAuts
     D:3: 828 daAuts
     D:2: 779 daAuts
     D:1: 504 daAuts
